Cogmind - Beta 14 @@@ ROGUE MODE // 2025.03.03 @ 14:52:45 Player: Nebula avali Result: Destroyed by D-53 Grenadier with Mini Grenade Launcher Performance ------------- Evolutions (0) 0 Regions Visited (3) 600 Robots Destroyed (37) 185 Value Destroyed (993) 993 Prototype IDs (11) 220 Alien Tech Used (0) 0 Bonus (0) 0 TOTAL SCORE: 1998 Bonus ------- None Cogmind --------- Core Integrity 0/250 Matter 163/300 Energy 265/265 System Corruption 0% Temperature Warm (108) Movement Treading (320) Ox2 Location -9/Recycling Parts ------- > --- POWER (1) -------- Improved Ion Engine > --- PROPULSION (2) --- Light Treads > --- UTILITY (2) ------ Large Storage Unit Makeshift Light Armor Plating > --- WEAPON (2) ------- Subdweller Shrapnel Launcher Subdweller Shrapnel Launcher > --- INVENTORY (15) --- Wheel Wheel Flightbrick Disposable Heat Sink Cobbler Unit Light Cannon Battle Cannon Rocket Launcher Enhanced Flamer Hammer Makeshift Sword Peak State ------------ > --- POWER ------------ Improved Ion Engine > --- PROPULSION ------- Light Treads Light Treads > --- UTILITY ---------- Large Storage Unit Makeshift Light Armor Plating > --- WEAPON ----------- Subdweller Shrapnel Launcher Subdweller Shrapnel Launcher > --- INVENTORY -------- Wheel Wheel Flightbrick Disposable Heat Sink Cobbler Unit Light Cannon Battle Cannon Rocket Launcher Enhanced Flamer Hammer Makeshift Sword [Rating: 18] Favorites ----------- Power Ion Engine Engine Ion Engine Propulsion Light Treads Treads Light Treads Leg Aluminum Leg Wheel Compact Wheel Utility Large Storage Unit Storage Large Storage Unit Processor Transport Network Coupler Protection Makeshift Light Armor Plating Weapon Subdweller Shrapnel Launcher Energy Gun Medium Laser Ballistic Gun Assault Rifle Ballistic Cannon Light Cannon Launcher Subdweller Shrapnel Launcher Impact Weapon Hammer Slashing Weapon Makeshift Sword Build | -11 -10 -10 -9 ------- Run | Yrd Mat Sub Rec Slots Evolved . | . . . . Power . | . . . . Propulsion . | . . . . Utility . | . . . . Weapon . | . . . . Parts Attached 35 | . 9 23 3 Power 3 | . . 2 1 Engine 3 | . . 2 1 Core . | . . . . Reactor . | . . . . Propulsion 11 | . 3 6 2 Treads 6 | . . 4 2 Leg . | . . . . Wheel 5 | . 3 2 . Hover . | . . . . Flight . | . . . . Utility 4 | . 2 2 . Device . | . . . . Storage 1 | . 1 . . Processor 1 | . 1 . . Hackware . | . . . . Protection 2 | . . 2 . Artifact . | . . . . Weapon 17 | . 4 13 . Energy Gun . | . . . . Energy Cannon . | . . . . Ballistic Gun 6 | . 4 2 . Ballistic Cannon 4 | . . 4 . Launcher 2 | . . 2 . Special Weapon . | . . . . Impact Weapon 4 | . . 4 . Slashing Weapon 1 | . . 1 . Piercing Weapon . | . . . . Special Melee Weapon . | . . . . Unidentified Prototypes . | . . . . Parts Lost 7 | . 2 3 2 Power 1 | . . . 1 Propulsion 4 | . 1 2 1 Utility . | . . . . Weapon 2 | . 1 1 . Highest Loss Streak 2 | . 1 2 1 To Critical Strikes . | . . . . Average Slot Usage (%) 98 | . 90 99 99 Engine 13 | . 14 14 13 Treads 19 | . . 21 27 Wheel 7 | . 24 6 . Storage 14 | . 14 14 14 Processor 1 | . 6 . . Protection 11 | . . 13 14 Energy Gun 2 | . 14 . . Ballistic Gun 6 | . 14 8 . Ballistic Cannon 7 | . . 13 . Launcher 8 | . . 1 28 Impact Weapon 1 | . . 3 . Peak Build Rating 18 | 6 8 17 18 Average Rating 13 | 6 7 13 17 On Entrance 9 | 6 6 8 17 Naked Turns . | . . . . Heaviest Build 47 | 14 29 45 47 Greatest Support 40 | 20 32 40 40 Greatest Overweight (x) 3 | . 1 3 1 Average Overweight (x) . | . . 1 . Largest Inventory Capacity 15 | 8 15 15 15 Average Capacity 14 | 8 14 15 15 Most Carried 15 | 6 15 15 15 Average Carried 14 | 6 12 14 14 Final Capacity 15 | 8 15 15 15 Final Carried 15 | 6 15 15 15 Class Distribution -------------------- 100% | Mutant Dominant Class ---------------- Mutant | -10/Materials Mutant | -10/Subcaves Mutant | -9/Recycling Resources | -11 -10 -10 -9 ----------- Run | Yrd Mat Sub Rec Matter Collected 1111 | 200 220 418 273 Remotely . | . . . . Salvage Created 1217 | . 413 171 633 Parts 63 | . 24 4 35 Haulers Intercepted 2 | . 2 . . Recyclers Shooed 1 | . 1 . . Parts Field Recycled . | . . . . Retrieved Matter . | . . . . Parts Self-Destructed 8 | . . 8 . Prevented . | . . . . Kills | -11 -10 -10 -9 ------- Run | Yrd Mat Sub Rec Combat Hostiles Destroyed 26 | . 7 6 13 Melee 2 | . . 2 . Guns 8 | . 7 1 . Cannons 3 | . . 3 . AOE 13 | . . . 13 Classes Destroyed 14 | . 5 3 6 Worker 3 | . 2 . 1 Builder 1 | . . . 1 Tunneler 1 | . . . 1 Hauler 2 | . 2 . . Recycler 2 | . 1 . 1 Turret 2 | . . 2 . Swarmer 5 | . 3 2 . Grunt 10 | . 4 2 4 Duelist 1 | . . . 1 Protector 2 | . . . 2 Sentry 4 | . . 1 3 Hunter 1 | . . . 1 Programmer 2 | . . . 2 Subdweller 1 | . . 1 . Best Kill Streak 6 | . 3 2 6 Combat Bots Only 5 | . 2 2 5 Max Kills in Single Turn 5 | . 1 1 5 Gunslinging . | . . . . Exploded 5 | . . . 5 Melee 1 | . . 1 . Uniques/NPCs Destroyed . | . . . . Combat | -11 -10 -10 -9 -------- Run | Yrd Mat Sub Rec Hostile Shots Fired 159 | . 51 97 11 Missed 43 | . 18 24 1 Damage Taken 1750 | . 391 822 537 Core 283 | . 112 87 84 Absorbed by Shields . | . . . . Redirected to Shielding 7 | . . 7 . Core Remaining (%) 100 | 100 . . . Volleys Fired 75 | . 37 30 8 Largest 2 | . 2 2 2 Hottest 90 | . 90 80 80 Shots Fired 134 | . 74 44 16 Gun 84 | . 74 10 . Cannon 28 | . . 28 . Launcher 22 | . . 6 16 Special . | . . . . Kinetic 105 | . 45 44 16 Thermal 20 | . 20 . . Explosive . | . . . . Electromagnetic 9 | . 9 . . Robot Hit Streak 10 | . 10 3 3 Robot Miss Streak 3 | . 3 2 2 Penetration Max . | . . . . Secondary Targets . | . . . . Shots Hit Robots 75 | . 45 27 3 Core Hits 61 | . 21 10 30 Critical Kills . | . . . . Critical Parts Destroyed . | . . . . Critical Strikes 1 | . . 1 . Blast 1 | . . 1 . Melee Attacks 29 | . . 29 . Impact 21 | . . 21 . Slashing 8 | . . 8 . Piercing . | . . . . Sneak Attacks . | . . . . Combat Hostiles . | . . . . Follow-up Attacks . | . . . . Damage Inflicted 2813 | . 617 802 1394 Guns 695 | . 617 78 . Cannons 247 | . . 247 . Explosions 1654 | . . 260 1394 Melee 217 | . . 217 . Ramming . | . . . . Kinetic 2333 | . 354 585 1394 Thermal 185 | . 185 . . Explosive . | . . . . Electromagnetic 78 | . 78 . . Impact . | . . . . Slashing 217 | . . 217 . Piercing . | . . . . Highest Corruption . | . . . . Average Corruption . | . . . . Corruption Purged . | . . . . Corruption Blocked . | . . . . Overload Shots . | . . . . Overflow Damage 127 | . . 3 124 Projectiles . | . . . . Explosions 127 | . . 3 124 Melee . | . . . . Knockbacks 2 | . . 2 . Impact . | . . . . Kinetic 2 | . . 2 . Secondary . | . . . . Self-Inflicted Damage 151 | . . 20 131 Shots 4 | . . 1 3 Rammed . | . . . . Targets Rammed . | . . . . Kicked . | . . . . Crushed . | . . . . Highest Temperature 210 | . 210 21 108 Average Temperature 39 | . 42 11 34 Received Heat Transfer 528 | . 171 345 12 Siege Activations . | . . . . Robots Corrupted . | . . . . Combat Hostiles . | . . . . Parts Fried . | . . . . Impact Corruptions . | . . . . Robots Melted . | . . . . Combat Hostiles . | . . . . Parts Melted 1 | . 1 . . Heat Transferred 555 | . 555 . . Parts Sabotaged . | . . . . Parts Stolen . | . . . . Parts Stripped . | . . . . Power Chain Reactions . | . . . . Alert | -11 -10 -10 -9 ------- Run | Yrd Mat Sub Rec Peak Influence 377 | . 155 . 377 Initial 81 | . . . 81 Average 146 | . 59 . 195 Maximum Alert Level 1 | . . . 1 Low Security (%) 79 | 100 100 . 67 Level 1 20 | . . . 32 Level 2 . | . . . . Level 3 . | . . . . Level 4 . | . . . . Level 5 . | . . . . High Security . | . . . . Max Security . | . . . . Squads Dispatched 1 | . 1 . . Investigation 1 | . 1 . . Extermination . | . . . . Reinforcement . | . . . . Assault . | . . . . Garrison . | . . . . Intercept . | . . . . Searches Triggered . | . . . . Construction Impeded . | . . . . Haulers Reinforced . | . . . . Active Scanning Responses . | . . . . Cargo Convoy Interrupts . | . . . . Stealth | -11 -10 -10 -9 --------- Run | Yrd Mat Sub Rec Distress Signals 2 | . 1 . 1 Communications Jammed . | . . . . Distress Signals . | . . . . Times Spotted 27 | . 11 9 7 Peak Tracking Total 4 | . 3 4 3 Tactical Retreats 2 | . . 2 . Traps | -11 -10 -10 -9 ------- Run | Yrd Mat Sub Rec Traps Triggered 1 | . 1 . . Indirectly . | . . . . Trap Hack Attempts . | . . . . Triggered . | . . . . Disarmed . | . . . . Reprogrammed . | . . . . Reused . | . . . . Traps Extracted . | . . . . Installed . | . . . . Triggered . | . . . . Machines | -11 -10 -10 -9 ---------- Run | Yrd Mat Sub Rec Machines Disabled 7 | . . 5 2 Max in Single Turn 3 | . . 3 2 Machines Repaired . | . . . . Machines Dismantled . | . . . . Machines Sabotaged . | . . . . Overloaded Fab Kills . | . . . . Hacking | -11 -10 -10 -9 --------- Run | Yrd Mat Sub Rec Machines Accessed 2 | . . 1 1 Terminals . | . . . . Fabricators . | . . . . Repair Stations . | . . . . Recycling Units 1 | . . . 1 Scanalyzers . | . . . . Garrison Access . | . . . . Total Hacks 11 | . . 9 2 Successful 11 | . . 9 2 Failed . | . . . . Catastrophic . | . . . . Database Lockouts . | . . . . Manual . | . . . . Terminals . | . . . . Fabricators . | . . . . Repair Stations . | . . . . Recycling Units 2 | . . . 2 Scanalyzers . | . . . . Garrison Access . | . . . . Terminal Hacks 9 | . . 9 . Record 8 | . . 8 . Derelict Proto ID Bank 1 | . . 1 . Fabricator Hacks . | . . . . Repair Station Hacks . | . . . . Recycling Unit Hacks 2 | . . . 2 Retrieve Matter 1 | . . . 1 Retrieve Components 1 | . . . 1 Scanalyzer . | . . . . Garrison Access Hacks . | . . . . Unauthorized Hacks . | . . . . Terminals . | . . . . Fabricators . | . . . . Repair Stations . | . . . . Recycling Units . | . . . . Scanalyzers . | . . . . Garrison Access . | . . . . Data Cores Recovered . | . . . . Used . | . . . . Hacking Detections . | . . . . Full Trace Events . | . . . . Feedback Events . | . . . . Feedback Blocked . | . . . . Robot Schematics Acquired . | . . . . Robots Built . | . . . . Authchips . | . . . . Time . | . . . . Total Robot Build Rating . | . . . . Part Schematics Acquired . | . . . . Parts Built . | . . . . Authchips . | . . . . Time . | . . . . Total Part Build Rating . | . . . . Parts Repaired . | . . . . Time . | . . . . Parts Recycled . | . . . . Recycled Matter . | . . . . Retrieved Matter . | . . . . Retrieved Components 2 | . . . 2 Parts Scanalyzed . | . . . . Part Schematics Acquired . | . . . . Parts Damaged . | . . . . Bothacking | -11 -10 -10 -9 ------------ Run | Yrd Mat Sub Rec Used RIF Installer . | . . . . Robots Hacked . | . . . . Non-combat . | . . . . Combat . | . . . . Robot Hacks Applied . | . . . . Relay Couplers Released . | . . . . Fabnet Peak Effective % . | . . . . Robots Rewired . | . . . . Allies Hacked . | . . . . Hacks Repelled . | . . . . Allies | -11 -10 -10 -9 -------- Run | Yrd Mat Sub Rec Total Allies . | . . . . Largest Group . | . . . . Highest-Rated Group . | . . . . Highest-Rated Ally . | . . . . Total Orders . | . . . . Ally Attacks . | . . . . Total Damage . | . . . . Kills . | . . . . Allies Corrupted . | . . . . Allies Melted . | . . . . Intel | -11 -10 -10 -9 ------- Run | Yrd Mat Sub Rec Robot Analysis Total . | . . . . Derelict Logs Recovered 1 | . . 1 . Drone Launches . | . . . . Drone Recoveries . | . . . . Exploration | -11 -10 -10 -9 ------------- Run | Yrd Mat Sub Rec Turns Passed 4154 | 2 651 2335 1166 Spaces Moved 2289 | 2 350 1470 467 Core . | . . . . Treads 1261 | . . 794 467 Legs 47 | 2 45 . . Wheels 981 | . 305 676 . Hover . | . . . . Flight . | . . . . Fastest Speed 100 | 120 100 100 160 Average Speed 157 | 120 105 144 238 Slowest Speed 240 | 120 120 240 240 Overloaded Moves . | . . . . Propulsion Burnouts . | . . . . Robots Hopped . | . . . . Cave-ins Triggered . | . . . . Exploration Rate (%) 57 | 2 60 79 87 Regions Visited 3 Branch Regions 2 Pre-discovered Areas . | . . . . Known Exits Taken . | . . . . Unknown Exits Taken 3 | 1 1 1 . Scrap Searched 11 | . . 11 . Spaces Dug 1 | . . 1 . Terrain Destroyed 292 | . . 71 221 Melee 1 | . . 1 . Projectile . | . . . . AOE 291 | . . 70 221 Terrain Rammed . | . . . . Walls Destroyed . | . . . . Machines Disabled . | . . . . Actions | -11 -10 -10 -9 --------- Run | Yrd Mat Sub Rec Total 2677 | 1 560 1610 506 Wait 172 | . 142 6 24 Move 2286 | 1 349 1469 467 Hop . | . . . . Pick Up 38 | . 13 24 1 Fast Attach 7 | . 4 2 1 Attach 19 | . 3 16 . Detach 5 | . 3 2 . Swap 9 | . 2 5 2 Drop 37 | . 7 27 3 Fire 75 | . 37 30 8 Melee 29 | . . 29 . Ram . | . . . . Kick . | . . . . Crush . | . . . . Escape Stasis . | . . . . Rewire . | . . . . Trap . | . . . . Miscellaneous . | . . . . Route ------- -11/Scrapyard -10/Materials (discovered 3 exits: [*Min x2] / *Sub) -10/Subcaves (discovered 3 exits: [*Mat x2] / *Rec) -9/Recycling (discovered 1 exit: [*Fac]) History --------- Turn | Location | Event 1 | -11/Scrapyard | Discovered new exit (range 1) 3 | -11/Scrapyard | Entered Materials 20 | -10/Materials | Discovered new exit (range 16) 167 | -10/Materials | Discovered new exit (range 14) 306 | -10/Materials | Build established: Mutant 634 | -10/Materials | Discovered new exit (range 6) 654 | -10/Materials | Entered Subcaves 777 | -10/Subcaves | Disturbed a concealed Subdweller 783 | -10/Subcaves | Core integrity fell below 50% 843 | -10/Subcaves | Learned Materials security intel 933 | -10/Subcaves | Shifting Twisted Machinery released Flamer 990 | -10/Subcaves | Shifting Twisted Machinery released Mak. Laser 2372 | -10/Subcaves | Visited 4L-MR0's lab 2398 | -10/Subcaves | Found Flightbrick 2685 | -10/Subcaves | Discovered new exit (range 11) 2827 | -10/Subcaves | Discovered new exit (range 16) 2895 | -10/Subcaves | Discovered new exit (range 13) 2989 | -10/Subcaves | Entered Recycling 3590 | -9/Recycling | Discovered new exit (range 16) 4147 | -9/Recycling | Core integrity fell below 20% 4155 | -9/Recycling | Destroyed by D-53 Grenadier with Mini Grenade Launcher Last Messages --------------- 03844_ Ion Engine destroyed. 03844_ Destroyed Ion Engine. 03863_ Acquired Imp. Ion Engine. 03865_ R-06 Scavenger collects Heat Sink. 03866_ Dropped Lgt. Treads. 03869_ R-06 Scavenger collects Lgt. Treads. 03870_ Dropped Lgt. Treads. 03872_ Acquired 43 matter. 03873_ R-06 Scavenger collects Lgt. Treads. 04132_ I-25 Savior springs to life. 04132_ I-25 Savior sends out distress signal. 04146_ Compression Vault explodes. 04148_ Lgt. Treads destroyed. 04150_ Destroyed Aluminum Leg. 04150_ Destroyed Remote Shield. 04150_ I-25 Savior destroyed. 04150_ Destroyed Shock Absorption System. 04153_ R-06 Scavenger destroyed. 04153_ Y-45 Defender destroyed. 04153_ G-34 Mercenary destroyed. Map ----- +----------------------------------------------------+ | ???##"########### # #??# ! #??????# + | | ???# # # #??# ! #??????# # | | ???# ""# # #??? =???????# #= | | ???# T"# # #?????! ?????????# # | | ???#""""" ""# ###+#########+######?????# #=! | | ???#""""" # #?????# # | | ???#""""" + #?????# ### | | ???#""""" # #?????# #?? | | ???#""""" ###+#+################?????# #?? | | ????""""" #?#! %% ??????????????????# #?? | | ???#""""" #?#! ?l ????????????????# #?? | | ???# #?#[ ?????????????????# #?? | | ???# #?# r ??????????????????# #?? | | ???##########+###?# *h??????????????????# ### | | ????????????# ##### ??????????????????# #=% | | ????????????# ; ! ??????????????????# #] | | ?##########?# ; % % ???????????"??????# # ! | | ?# # =;;;##########"Y"###### # | | ?# # | | # r # | | ?# + | | ?# %! """ """ """ # | | ?########## """ """ """ ### | | ?????????? d """ """ """ #?? | | ?????#####; ### | | ?????# @ # | | ?????# """ ; u | | ?????# """ ; | | ?????# """ "" + | | ?????# # ##"T"#########"T"### | | ?????# # #??######????#"""??## | | ?????# # #??? ?#?####???# | | ?????# # #?# "" #????????# | | ?????####+##+### #######?# T" #????????# | | ????????# ### #???????# "" #????????# | | ??????### #???????# #????????# | | ??????# | #???????#""" #????????# | | ??????#|| #???????#""" #????????# | | ??????# | #???????#""" ??#####???# | | ??????### #???????? ????#!!!#??## | | ???????## ###########+#######!!!#### | | ???????# | | ???????# < | | ???????# = | | ???????# | | ???????####################"Y"## %%#"Y"########### | | ??????????????????????????#"""##%%%#"""#?????????? | | ??????????????????????????##############?????????? | | ?????????????????????????????????????????????????? | | | +----------------------------------------------------+ Best States ------------- Heat Dissipation 25 Energy Generation 15 Energy Capacity 265 Matter Stores 300 Matter Capacity 300 Sight Range 16 Terrain Scan Density 10 Armor Coverage 100 Core Shielding 20 Evasion (%) 55 Recoil Reduction 2 Item Schematics ----------------- None Robot Schematics ------------------ None Fabricated ------------ Nothing Alien Tech Used ----------------- None Achievements -------------- None Challenges ------------ None Game ------ Seed FireMultitargetingShovel Manual? 0 Play Time 00:28:38 Cumulative 71.5 hours Start 2025.03.03 @ 14:26:45 End 2025.03.03 @ 14:52:45 Sessions 1 Manual Loads 0 Difficulty Rogue Special Mode None Game No. 122 Rogue 121 Adventurer 1 Explorer 0 Win Type - Total 3 Types 3/0/0/0/0/0/0/0/0 Lore% 23 Gallery% 56 Achievement% 51 Wizard Run 0 Options --------- Layout 1 ASCII 0 Keyboard 0 Movement Numpad Keybinds 0 Fullscreen 1 Font 24/Smallcaps Map View 50x35 Zoom Use 0% Tactical HUD 1 Map Filters NONE Filters NONE Steam 1 RUN: 605c9e4a-1e22-4d1a-892f-80807d1cae95